 Dungeon Crawl Stone Soup version 0.29.0-4-gdea44cf6ec (webtiles) character file.

Game seed: 498658670704390545

130 tbh1313 the Sneak (level 4, -1/21 HPs)
             Began as a Spriggan Enchanter on Aug 27, 2022.
             Killed by nerve-wracking pain
             ... invoked by Grinder
              (14 damage)
             ... on level 3 of the Dungeon.
             The game lasted 00:05:35 (2387 turns).

tbh1313 the Sneak (Spriggan Enchanter)              Turns: 2387, Time: 00:05:36

Health: -1/21      AC:  2    Str:  4    XL:     4   Next: 89%
Magic:  9/9        EV: 18    Int: 16    God:
Gold:   77         SH:  0    Dex: 17    Spells: 6/8 levels left

rFire   . . .      SeeInvis +   a - +1 dagger
rCold   . . .      Faith    .   (no shield)
rNeg    . . .      Spirit   .   b - +0 robe
rPois   .          Reflect  .   (helmet restricted)
rElec   .          Harm     .   (no cloak)
rCorr   .          Rampage  .   (gloves unavailable)
Will    .....                   (boots unavailable)
Stlth   +++.......              e - amulet of regeneration
HPRegen 0.87/turn               (no ring)
MPRegen 0.11/turn               (no ring)

@: invisible, very quick
A: very small, no large weapons, unfitting armour, see invisible, speed 3
a: no special abilities


You were on level 3 of the Dungeon.
You visited 1 branch of the dungeon, and saw 3 of its levels.

You collected 77 gold pieces.

Inventory:

Hand Weapons
 a - a +1 dagger (weapon)
Armour
 b - a +0 robe (worn)
Jewellery
 d - a ring of positive energy
 e - an amulet of regeneration (around neck)
Scrolls
 f - a scroll of vulnerability {unknown}
 g - a scroll of teleportation
 h - a scroll of magic mapping {unknown}
 i - a scroll of fear {unknown}
 j - a scroll of identify {unknown}
 k - a scroll of enchant armour {unknown}
 l - a scroll of torment {unknown}
 o - 2 scrolls of enchant weapon {unknown}
 p - 3 scrolls of blinking {unknown}
Potions
 c - 2 potions of invisibility
 m - a potion of attraction {unknown}
 n - 3 potions of heal wounds {unknown}
 q - a potion of haste
 r - a potion of degeneration {unknown}


   Skills:
 * Level 4.2 Short Blades
 + Level 3.1 Dodging
 - Level 5.7 Stealth
 - Level 2.8 Spellcasting
 - Level 3.7 Hexes


You had 6 spell levels left.
You knew the following spells:

 Your Spells              Type           Power      Damage    Failure   Level
a - Ensorcelled Hibernat  Hex/Ice        16%        N/A       13%         2

Your spell library contained the following spells:

 Spells                   Type           Power      Damage    Failure   Level
 Confusing Touch          Hex            14%        N/A       12%         3
 Tukima's Dance           Hex            14%        N/A       12%         3
 Dazzling Flash           Conj/Hex       16%        N/A       26%         3


Dungeon Overview and Level Annotations

Branches:
Dungeon (3/15)

Altars:
Cheibriados

Annotations:
D:3 Grinder


Innate Abilities, Weirdness & Mutations

You are very small and have problems with some larger weapons.
You are too small for most types of armour.
You have supernaturally acute eyesight. (SInv)
You cover ground extremely quickly. (Speed+++)


Message History

The orc is almost dead.
The orc misses you.
You hit the orc but do no damage.
The orc is almost dead.
You hit the orc.
You kill the orc!
You start resting.
HP restored.
Things that are here:
a +0 whip; a +0 scale mail
p - 3 scrolls labelled SESTUA FATAL (gained 1)
Found 3 stones.
Found 6 poisoned darts.
Found a snail-covered altar of Cheibriados.
You now have 77 gold pieces (gained 6).
Grinder comes into view.
Grinder is nearby!
Grinder shouts!
Grinder drinks a potion.
Grinder seems to speed up.
Grinder barely misses you.
Casting: Ensorcelled Hibernation (safe; 13% risk of failure)
Confirm with . or Enter, or press ? or * to list all spells.
You don't know that spell.
Casting: Ensorcelled Hibernation (safe; 13% risk of failure)
Confirm with . or Enter, or press ? or * to list all spells.
You can't see any susceptible monsters within range! (Use Z to cast anyway.) Unknown command.
Casting: Ensorcelled Hibernation (safe; 13% risk of failure)
Confirm with . or Enter, or press ? or * to list all spells.
Okay, then.
You fade into invisibility!
Grinder completely misses you.
You hit Grinder but do no damage. Grinder hits you!
You writhe in agony.
You closely miss Grinder. Grinder gestures at you. You resist with some effort.
Grinder gestures at you. Pain shoots through your body!
Ouch! That really hurt!
You die...

############
#5.........#
#.@........#
#..........#
#..........#
#..........#
#.......$..#
#..........#
####..........#
#.............#
#..####.########


You could see Grinder (fast, unable to see you).

Vanquished Creatures
  An orc wizard (D:3)
  2 adders (D:2)
  5 dart slugs
  2 orcs (D:3)
  7 bats
  4 endoplasms
  8 giant cockroaches
  5 goblins
  6 hobgoblins
  5 jackals
  2 quokkas
  7 ball pythons
  4 frilled lizards
  3 kobolds
  7 rats
68 creatures vanquished.

Notes
Turn   | Place    | Note
-------+----------+-------------------------------------------
     0 | D:1      | tbh1313 the Spriggan Enchanter began the quest for the Orb.
     0 | D:1      | Reached XP level 1. HP: 9/9 MP: 5/5
   117 | D:1      | Reached XP level 2. HP: 4/13 MP: 6/6
   594 | D:1      | Found a faded altar of an unknown god.
   788 | D:1      | Reached skill level 5 in Stealth
   997 | D:1      | Reached XP level 3. HP: 7/16 MP: 8/8
  1673 | D:2      | Reached XP level 4. HP: 20/21 MP: 9/9
  1676 | D:2      | Learned a level 2 spell: Ensorcelled Hibernation
  1686 | D:2      | You fall into a shaft and drop 1 floor!
  2333 | D:3      | Found a snail-covered altar of Cheibriados.
  2378 | D:3      | Noticed Grinder
  2387 | D:3      | Killed from afar by Grinder

Illustrated notes

Levels and vault maps discovered:
D:1:      dpeg_arrival_boxes_within_box, layout_basic, basic_ecumenical_altar,
          minmay_split_cup_large
D:2:      layout_basic, chequers_serial_rivers_micro_b, st_stairs_1,
          minmay_pentomino_pile
D:3:      layout_rooms, lemuel_crystal_altar, uniq_robin, uniq_grinder

Skill      XL: |  1  2  3  4 |
---------------+-------------+-----
Short Blades   | 2 3 4 |  4.2
Stealth        | 5 |  5.7
Dodging        | 3 |  3.1
Spellcasting   | |  2.8
Hexes          | |  3.7

Action                   |  1- 3 |  4- 6 || total
-------------------------+-------+-------++-------
Melee: Dagger            |   112 |   135 ||   247
       Punch             |     1 |     3 ||     4
  Use: Scroll            |     1 |       ||     1
       Potion            |     1 |     1 ||     2
 Stab: Sleeping          |    16 |     1 ||    17
       Distracted        |       |     1 ||     1
Armor: Robe              |    13 |     5 ||    18
Dodge: Dodged            |    61 |    90 ||   151
